 Dungeon Crawl Stone Soup version 0.20-a0-672-gd6c3c51 (webtiles) character file.

24094 nikopol the Cleaver (level 13, -7/83 HPs)
             Began as a Gargoyle Berserker on Feb 17, 2017.
             Was a High Priest of Trog.
             Killed from afar by a fire dragon (43 damage)
             ... with a blast of flame
             ... in a volcano.
             The game lasted 00:35:20 (14975 turns).

nikopol the Cleaver (Gargoyle Berserker)           Turns: 14975, Time: 00:35:20

Health: -7/83      AC: 28    Str: 21    XL:     13   Next: 10%
Magic:  13/13      EV: 14    Int:  9    God:    Trog [*****.]
Gold:   816        SH:  0    Dex: 13    Spells: 12/12 levels left

rFire    . . .     SeeInvis +   a - +6 broad axe (flame)
rCold    . . .     Gourm    +   v - +0 scale mail
rNeg     + . .     Faith    .   (no shield)
rPois    ∞         Spirit   .   e - +0 helmet
rElec    +         Reflect  .   N - +2 cloak {+Inv}
rCorr    .         Harm     .   r - +1 pair of gloves
MR       ++...                  (no boots)
Stlth    ..........             M - amulet of the gourmand
Regen    1.3/turn               Y - +3 ring of protection
MPRegen  0.2/turn               A - ring of see invisible

@: exhausted, regenerating, slowed, very slow
A: negative energy resistance 1, electricity resistance, unbreathing,
petrification resistance, rot immunity, AC +9
a: Berserk, Trog's Hand, Brothers in Arms, Burn Spellbooks, Renounce Religion,
Evoke Invisibility


You were in a volcano.
You worshipped Trog.
Trog was extremely pleased with you.
You were full.

You visited 2 branches of the dungeon, and saw 14 of its levels.
You also visited: Sewer, Ossuary and Volcano.

You collected 816 gold pieces.

Inventory:

Hand Weapons
 a - a +6 broad axe of flaming (weapon)
 z - a +0 shortbow
 Q - a +1 antimagic executioner's axe
 W - a +2 war axe of flaming
Missiles
 f - 132 arrows (quivered)
Armour
 e - a +0 helmet (worn)
 r - a +1 pair of gloves (worn)
 v - a +0 scale mail (worn)
 J - the +2 ring mail "Cadoa" {+Blink MR- Str+5 Stlth+}
   (You found it on level 6 of the Dungeon)

   It affects your strength (+5).
   It affects your resistance to hostile enchantments.
   It lets you blink.
   It makes you more stealthy.
 N - a +2 cloak of invisibility (worn)
 X - a +2 scale mail of fire resistance
Jewellery
 k - an uncursed ring of flight
 A - a ring of see invisible (left hand)
 B - an uncursed ring of protection from cold
 M - an amulet of the gourmand (around neck)
 V - an uncursed ring of resist corrosion
 Y - a +3 ring of protection (right hand)
Wands
 b - a wand of confusion (28/48)
 E - a wand of clouds (5/9)
 I - a wand of disintegration (14/24)
 O - a wand of paralysis (11/24)
 P - a wand of digging (16/24)
 T - a wand of polymorph (11/24)
 Z - a wand of acid (1/15)
Scrolls
 d - 9 scrolls of remove curse
 g - 9 scrolls of teleportation
 i - 2 scrolls of enchant armour
 j - a scroll of blinking
 n - a scroll of fog
 t - 3 scrolls of magic mapping
 w - 3 scrolls of enchant weapon
 L - 3 scrolls of acquirement
 U - a scroll of brand weapon
Potions
 h - 7 potions of curing
 o - 6 potions of heal wounds
 p - 2 potions of invisibility
 q - 3 potions of agility
 s - 3 potions of brilliance
 u - 5 potions of haste
 x - a potion of magic {unknown}
 y - 4 potions of lignification
 C - a potion of berserk rage {unknown}
 D - 2 potions of resistance
 F - a potion of might {unknown}
 K - 3 potions of mutation {unknown}
 R - 3 potions of cancellation
 S - 2 potions of flight
Comestibles
 c - 8 bread rations
 l - 2 royal jellies
 m - 5 meat rations
 G - 6 fruits


   Skills:
 + Level 10.6 Fighting
 * Level 12.1 Axes
 * Level 6.0 Bows
 + Level 10.6 Armour
 + Level 8.4 Dodging


You had 12 spell levels left.
You didn't know any spells.

Dungeon Overview and Level Annotations

Branches:
Dungeon (10/15)            Temple (0/1) D:6            Lair (4/6) D:9
 Shoals (0/4) Lair:2        Snake (0/4) Lair:4          Orc (0/2) D:9

Altars:
Kikubaaqudgha
Makhleb
Nemelex Xobeh
Qazlal
Uskayaw
Yredelemnul
The Shining One

Shops:
D:10 [


Innate Abilities, Weirdness & Mutations

You are resistant to torment.
Your stone body is resilient. (AC +9)
You are immune to poison.
You resist negative energy. (rN+)
You are resistant to electric shocks. (rElec)
You can survive without breathing.
You are immune to petrification.
You are immune to rotting.


Message History

The fire dragon breathes flames at you. The blast of flame hits you!
You hit the fire dragon.
The fire dragon is severely wounded.
The fire dragon bites you but does no damage.
The fire dragon barely misses you.
The fire dragon tramples you but does no damage.
The fire dragon bites you but does no damage.
The fire dragon misses you. The fire dragon closely misses you.
Your scale mail prevents you from hitting the fire dragon.
The fire dragon is severely wounded.
The fire dragon bites you.
The fire dragon claws you but does no damage.
The fire dragon tramples you.
You hold your ground!
You hit the fire dragon.
The fire dragon is severely wounded.
The fire dragon breathes flames at you. The blast of flame hits you!
Ouch! That really hurt!
You die...

#.............#.
##....≈.≈.§§....###
##....§≈≈≈§≈≈§.§...##
##....≈≈≈§≈§§≈≈≈§....#
#....≈≈§§≈§§≈§≈§.§..##
##....≈≈§≈§≈§§§≈≈.....#
###.....≈≈§§§≈§§≈.....####
#.[......D≈§§§§§....[...#.
#...#####..@............##..
#..## #########..#..######
((.. ###.##### # )..
#.#∩#.## [} ##....#.# $
##..§§.### #≈≈.∩.≈..#
##≈≈.≈≈≈## ##§§§≈##


You could see a fire dragon.

Vanquished Creatures
  Rupert (Lair:3)
  The ghost of nubinia the Thaumaturge, a journeyman SpEE of Sif Muna (Lair:2)
  Erolcha (D:9)
  The ghost of HEYYEYAAE the Basher, a novice TrBe of Trog (D:8)
  2 hydras
  Erica (D:9)
  2 two-headed ogres
  A hell hog (Volcano)
  The ghost of Chiseanne the Destroyer, a novice DsWz of Gozag (D:9)
  2 unseen horrors
  2 merfolk sirens (Lair:2)
  Joseph (D:7)
  Maurice (D:9)
  A black mamba (Lair:3)
  3 spiny frogs
  A centaur skeleton (D:10)
  4 komodo dragons
  2 trolls
  8 blink frogs (Lair:2)
  Grinder (D:3)
  2 hippogriffs
  A wraith (D:8)
  A basilisk (Lair:3)
  11 yaks
  4 fire bats (Volcano)
  2 steam dragons (Volcano)
  A warg (D:9)
  An acid dragon (D:10)
  4 porcupines
  Duvessa (D:6)
  2 black bears
  2 sky beasts
  An ice beast (D:7)
  2 phantoms (D:9)
  2 necrophages
  4 wolves (Lair:1)
  An ogre (D:6)
  3 crocodiles
  An elf zombie (D:8)
  9 bullfrogs
  2 elf skeletons (D:8)
  Dowan (D:6)
  A water moccasin zombie (D:5)
  3 scorpions
  A water moccasin skeleton (D:5)
  5 wights (D:9)
  An electric eel (Lair:2)
  3 howler monkeys
  5 crimson imps
  4 bullfrog zombies (D:5)
  2 centaur zombies
  7 hounds
  3 jellies
  2 orc priests
  5 orc wizards
  A bullfrog skeleton (D:6)
  A human skeleton (D:8)
  3 iguanas
  3 worker ants
  5 big kobold zombies (Ossuary)
  A mummy (Ossuary)
  A worker ant zombie (D:6)
  15 adders
  A gnoll (D:9)
  A river rat (Sewer)
  A shadow imp (D:8)
  An ooze (D:7)
  5 adder skeletons
  A worm (D:2)
  2 dart slugs
  6 leopard geckos
  14 orcs
  2 spectral bats (Ossuary)
  5 ball pythons
  7 bats
  5 giant cockroaches
  7 gnoll zombies (Ossuary)
  9 goblins
  11 hobgoblins
  13 jackals
  A quokka (D:10)
  A ball python zombie (D:5)
  3 bat simulacra (Ossuary)
  8 frilled lizards
  A giant cockroach zombie (D:5)
  3 goblin simulacra (Ossuary)
  5 goblin zombies (Ossuary)
  5 hobgoblin zombies (Ossuary)
  5 kobolds
  A kobold simulacrum (Ossuary)
  3 kobold zombies (Ossuary)
  A leopard gecko zombie (D:5)
  An orc skeleton (D:8)
  6 orc zombies
  A quokka zombie (D:5)
  6 rats
  4 rat simulacra (Ossuary)
  3 spectral goblins (Ossuary)
  4 spectral kobolds (Ossuary)
  2 spectral rats (Ossuary)
  A fungus (Lair:2)
323 creatures vanquished.

Vanquished Creatures (collateral kills)
  2 fire bats (Volcano)
  A steam dragon (Volcano)
3 creatures vanquished.

Vanquished Creatures (others)
  A fungus (Lair:3)
  3 plants (Lair:2)
4 creatures vanquished.

Grand Total: 330 creatures vanquished

Notes
Turn   | Place    | Note
-------+----------+-------------------------------------------
     0 | D:1      | nikopol the Gargoyle Berserker began the quest for the Orb.
     0 | D:1      | Reached XP level 1. HP: 14/14 MP: 1/1
   234 | D:1      | Reached XP level 2. HP: 19/19 MP: 2/2
   863 | D:2      | Reached XP level 3. HP: 22/23 MP: 3/3
   969 | D:2      | Found a stormy altar of Qazlal.
  1097 | D:2      | Reached skill level 3 in Axes
  1136 | D:2      | Reached ** piety under Trog
  1136 | D:2      | Reached XP level 4. HP: 21/29 MP: 4/4
  1681 | D:3      | Found a glowing drain.
  1740 | Sewer    | Entered a sewer
  1972 | Sewer    | Reached XP level 5. HP: 33/33 MP: 5/5
  2304 | D:3      | Noticed Grinder
  2318 | D:3      | Paralysed by Grinder for 4 turns
  2332 | D:3      | Killed Grinder
  2332 | D:3      | Reached skill level 4 in Axes
  2332 | D:3      | Reached XP level 6. HP: 24/39 MP: 6/6
  2875 | D:3      | Found a sparkling altar of Nemelex Xobeh.
  3898 | D:5      | Entered Level 5 of the Dungeon
  3926 | D:5      | Reached XP level 7. HP: 32/44 MP: 7/7
  4067 | D:5      | Reached skill level 5 in Fighting
  4197 | D:5      | Reached *** piety under Trog
  4206 | D:5      | Reached skill level 5 in Axes
  4957 | D:5      | Reached XP level 8. HP: 50/50 MP: 8/8
  4960 | D:5      | Reached skill level 5 in Armour
  5519 | D:6      | Found a staircase to the Ecumenical Temple.
  5639 | D:6      | Reached skill level 6 in Axes
  5998 | D:6      | Got a distressingly furry ring mail
  6009 | D:6      | Identified the +2 ring mail "Cadoa" {+Blink MR- Str+5 Stlth+} (You found it on level 6 of the Dungeon)
  6083 | D:6      | Noticed Dowan
  6085 | D:6      | Noticed Duvessa
  6092 | D:6      | Killed Duvessa
  6092 | D:6      | Reached XP level 9. HP: 52/55 MP: 9/9
  6095 | D:6      | Killed Dowan
  6119 | D:6      | Found a hide-covered altar of Uskayaw.
  6145 | D:6      | Reached **** piety under Trog
  6170 | D:7      | Reached skill level 7 in Axes
  6482 | D:7      | Noticed Joseph
  6486 | D:7      | Paralysed by Joseph for 4 turns
  6495 | D:7      | Killed Joseph
  6495 | D:7      | Reached skill level 5 in Dodging
  6833 | D:7      | Noticed an unseen horror
  6848 | D:7      | Killed an unseen horror
  6848 | D:7      | Reached skill level 8 in Axes
  6967 | D:7      | Found an ancient bone altar of Kikubaaqudgha.
  7043 | D:8      | Noticed a two-headed ogre
  7049 | D:8      | Killed a two-headed ogre
  7049 | D:8      | Reached XP level 10. HP: 63/63 MP: 10/10
  7133 | D:8      | Found a sand-covered staircase.
  7140 | Ossuary  | Entered an ossuary
  7200 | Ossuary  | Reached ***** piety under Trog
  7738 | D:8      | Noticed HEYYEYAAE's ghost (novice TrBe)
  7753 | D:8      | Killed HEYYEYAAE's ghost
  7753 | D:8      | Received a gift from Trog
  7753 | D:8      | Reached skill level 9 in Axes
  7985 | D:8      | Found a basalt altar of Yredelemnul.
  8086 | D:8      | Found a sparkling altar of Nemelex Xobeh.
  8086 | D:8      | Found a burning altar of Makhleb.
  8086 | D:8      | Found a glowing golden altar of the Shining One.
  8365 | D:9      | Noticed Erolcha
  8379 | D:9      | Killed Erolcha
  8450 | D:9      | Reached XP level 11. HP: 37/69 MP: 11/11
  8777 | D:9      | Found a staircase to the Lair.
  8894 | D:9      | Noticed Erica
  8896 | D:9      | Noticed Chiseanne's ghost (novice DsWz)
  8902 | D:9      | Killed Erica
  8902 | D:9      | Reached skill level 10 in Axes
  8927 | D:9      | Killed Chiseanne's ghost
  8987 | D:9      | Found a staircase to the Orcish Mines.
  9057 | D:9      | Noticed Maurice
  9071 | D:9      | Killed Maurice
  9185 | D:9      | Noticed a two-headed ogre
  9196 | D:9      | Killed a two-headed ogre
  9589 | Lair:1   | Entered Level 1 of the Lair of Beasts
 10217 | Lair:1   | Noticed a six-headed hydra
 10223 | Lair:1   | Killed a four-headed hydra
 10559 | D:10     | Entered Level 10 of the Dungeon
 10591 | D:10     | Found Baifam's Antique Armour Emporium.
 10918 | D:10     | Noticed an unseen horror
 10920 | D:10     | Killed an unseen horror
 10979 | D:10     | Reached skill level 11 in Axes
 11355 | Lair:1   | Reached XP level 12. HP: 77/77 MP: 12/12
 11398 | Lair:2   | Reached skill level 1 in Bows
 11549 | Lair:2   | Received a gift from Trog
 11866 | Lair:2   | Reached skill level 10 in Armour
 12087 | Lair:2   | Noticed nubinia's ghost (journeyman SpEE)
 12101 | Lair:2   | Killed nubinia's ghost
 12101 | Lair:2   | Reached skill level 10 in Fighting
 12550 | Lair:2   | Found a staircase to the Shoals.
 13659 | Lair:3   | Noticed an eight-headed hydra
 13668 | Lair:3   | Killed a four-headed hydra
 13843 | Lair:3   | Noticed Rupert
 13867 | Lair:3   | Killed Rupert
 13867 | Lair:3   | Reached skill level 5 in Bows
 14094 | Lair:3   | Reached skill level 12 in Axes
 14094 | Lair:3   | Reached XP level 13. HP: 67/83 MP: 13/13
 14579 | Lair:4   | Found a dark tunnel.
 14610 | Volcano  | Entered a volcano
 14800 | Volcano  | Identified 4 scrolls of acquirement
 14951 | Volcano  | HP: 2/83 [steam dragon/ball of steam (7)]
 14953 | Volcano  | Noticed a fire dragon
 14975 | Volcano  | Killed from afar by a fire dragon

Vault maps used:
D:1:      dpeg_arrival_stone_temple_mockup
D:2:      nicolae_overflow_crystal_walls, kennysheep_generic_room_16
D:3:      gup_sewer_entry_glass, nrook_mini_vaults, nemelex_spade_bored_becter,
          uniq_grinder
D:5:      first_bread, serial_undead, serial_undead_d, serial_undead_e,
          serial_undead_a, serial_undead_b, serial_undead_c, serial_undead_a
D:6:      kennysheep_mini_moat, minmay_temple_entry_statues_pillars,
          minmay_misc_feat_five, uniq_duvessa
D:7:      lemuel_doored_altar, st_stairs_6, uniq_joseph
D:8:      kennysheep_little_box, gammafunk_temple_overflow_forgotten,
          nicolae_ossuary_entry_catacombs
D:9:      lair_entry_dummy, minmay_orc_entry_guard_dogs, minmay_liquid_box,
          uniq_maurice, uniq_erica, uniq_erolcha
D:10:     kennysheep_blocky_room, serial_shops, shop
Lair:1:   patterned_corridor
Lair:2:   elwin_shoals_entry_rooms
Lair:3:   grunt_megastairs_3, serial_bayou_shore_b, uniq_rupert
Lair:4:   minmay_snake_entry_guardpost_small, nicolae_volcano_entry_two_sided,
          lemuel_fruit_fields, serial_bayou_shore_a, uniq_nergalle
Sewer:    sewer_co_cracked_pipes
Ossuary:  ossuary_zaba_two_paths
Volcano:  volcano_pools

Skill      XL: |  1  2  3  4  5  6  7  8  9 10 11 12 13 |
---------------+----------------------------------------+-----
Dodging        | 2 3 4 5 6 7 8 |  8.4
Axes           | 3 4 5 6 8 9 11 12 | 12.1
Armour         | 3 4 5 7 8 9 10 | 10.6
Fighting       | 4 5 6 7 8 9 10 | 10.6
Bows           | 5 6 |  6.0

Action                   |  1- 3 |  4- 6 |  7- 9 | 10-12 | 13-15 || total
-------------------------+-------+-------+-------+-------+-------++-------
Melee: Hand axe          |   112 |   184 |   133 |       |       ||   429
       War axe           |       |       |   213 |   369 |       ||   582
       Broad axe         |       |       |       |   202 |    49 ||   251
 Fire: Shortbow          |       |       |       |    94 |     8 ||   102
Invok: Berserk           |       |     2 |     3 |     6 |     1 ||    12
       Burn Spellbooks   |       |       |       |     2 |     1 ||     3
       Trog's Hand       |       |       |       |       |     1 ||     1
       Brothers in Arms  |       |       |       |       |     1 ||     1
  Use: Scroll            |       |       |     4 |    19 |     3 ||    26
       Potion            |       |       |       |       |     4 ||     4
 Stab: Sleeping          |     1 |     1 |       |       |       ||     2
  Eat: Chunk             |     1 |     9 |    11 |    32 |     5 ||    58
       Royal jelly       |       |       |     1 |       |       ||     1
       Bread ration      |       |       |       |     1 |       ||     1
       Fruit             |       |       |       |     1 |       ||     1
Armor: Animal skin       |    49 |    26 |       |       |       ||    75
       Scale mail        |       |    57 |   207 |   321 |    64 ||   649
Dodge: Dodged            |    99 |   120 |   208 |   310 |    54 ||   791
